 Dungeon Crawl Stone Soup version 0.30-a0-939-gc8157cb160 (webtiles) character file.

Game seed: 296533225042499883

34 DeathPants the Caller (level 3, -1/18 HPs)
             Began as a Vine Stalker Summoner on Mar 25, 2023.
             Slain by a scorpion (2 damage)
             ... on level 3 of the Dungeon.
             The game lasted 00:05:41 (1218 turns).

DeathPants the Caller (Vine Stalker Summoner)       Turns: 1218, Time: 00:05:42

Health: -1/18      AC:  2    Str:  9 (10) XL:     3   Next: 31%
Magic:  0/8        EV: 12    Int: 12 (15) God:
Gold:   51         SH:  0    Dex: 14 (16) Spells: 1/7 levels left

rFire   . . .      SeeInvis .    c - +0 short sword
rCold   . . .      Faith    .    (no shield)
rNeg    . . .      Spirit   +    a - +0 robe
rPois   .          Reflect  .    (no helmet)
rElec   .          Rampage  .    (no cloak)
rCorr   .                        (no gloves)
Will    .....                    (no boots)
Stlth   ++                       (no amulet)
HPRegen 0.23/turn                (no ring)
MPRegen 0.11/turn                (no ring)

@: lethally poisoned (-1 -> -2)
A: fangs 2, magic shield, antimagic bite, no potion heal 2
a: no special abilities


You were on level 3 of the Dungeon.
You visited 1 branch of the dungeon, and saw 3 of its levels.

You collected 51 gold pieces.

Inventory:

Hand Weapons
 c - a +0 short sword (weapon)
Armour
 a - a +0 robe (worn)
Scrolls
 d - a scroll of fog {unknown}
 e - 2 scrolls of enchant armour {unknown}
 f - a scroll of immolation {unknown}
 g - a scroll of silence {unknown}
Potions
 b - a potion of magic


   Skills:
 + Level 1.3 Fighting
 - Level 1.5 Dodging
 - Level 2.4 Stealth
 + Level 2.8 Spellcasting
 + Level 4.3 Summonings


You had one spell level left.
You knew the following spells:

 Your Spells              Type           Power      Damage    Failure   Level
a - Summon Small Mammal   Summ           48%        N/A       4%          1
b - Call Imp              Summ           12%        N/A       6%          2
c - Call Canine Familiar  Summ           12%        N/A       13%         3

Your spell library contained the following spells:

 Spells                   Type           Power      Damage    Failure   Level
 Sandblast                Erth           2%         2d4       26%         1
 Summon Guardian Golem    Hex/Summ       6%         N/A       30%         3
 Passwall                 Tmut/Erth      0%         N/A       36%         2
 Kindle Blastsparks       Fire/Tloc/Air  2%         2d10      58%         3
 Stone Arrow              Conj/Erth      2%         3d7       58%         3
 Summon Lightning Spire   Summ/Air       6%         N/A       71%         4
 Fulminant Prism          Conj/Hex       0%         3d5       94%         4
 Iskenderun's Mystic Bla  Conj/Tloc      1%         2d3       94%         4
 Lee's Rapid Deconstruct  Erth           0%         3d4*      100%        5


Dungeon Overview and Level Annotations

Branches:
Dungeon (3/15)

Altars:
Gozag


Innate Abilities, Weirdness & Mutations

You have extremely sharp teeth.
When hurt, damage is shared between your health and your magic reserves.
Your bite disrupts and absorbs the magic of your enemies.
Potions cannot restore your health.


Message History

You feel very sick. The scorpion stings you!
The scorpion attacks as you move away! The scorpion barely misses you.
You feel sick.
There is a stone staircase leading up here.
It was a potion of degeneration.
There was something very wrong with that liquid.
You feel weakened.
You feel dopey.
You feel clumsy.
* * * LOW HITPOINT WARNING * * *
You feel sick. The scorpion misses you.
Your hound bites the scorpion but does no damage.
Your hound bites the scorpion.
The scorpion closely misses you.
You barely miss the scorpion.
You bite the scorpion, but do no damage.
The scorpion is heavily wounded.
* * * LOW HITPOINT WARNING * * *
You feel sick.
Your hound barely misses the scorpion.
The scorpion stings you.
You hit the scorpion but do no damage.
The scorpion is heavily wounded.
* * * LOW HITPOINT WARNING * * *
You feel sick.
Your hound bites the scorpion but does no damage.
The scorpion closely misses you.
Your hound bites the scorpion but does no damage.
You hit the scorpion. Your bite misses the scorpion.
The scorpion is severely wounded.
* * * LOW HITPOINT WARNING * * *
You feel sick. The scorpion barely misses you.
Your hound bites the scorpion but does no damage.
You hit the scorpion but do no damage.
The scorpion is severely wounded.
* * * LOW HITPOINT WARNING * * *
You feel sick.
Your hound bites the scorpion but does no damage.
The scorpion closely misses you.
Your hound closely misses the scorpion.
You hit the scorpion.
The scorpion is severely wounded.
* * * LOW HITPOINT WARNING * * *
You feel sick. The scorpion stings you.
You die...

# . # .#.##
.#.. ###...
##...###.#
#.......$#
#.@# #.s#
#..>h.......#
###.<.####..?
#?.## ...
#... !.#.
...~~


You could see a scorpion (ally target) and a friendly hound (summoned).

Vanquished Creatures
  A worm (D:2)
  3 endoplasms
  2 giant cockroaches (D:1)
  4 hobgoblins
  A quokka (D:1)
  A ball python (D:1)
  3 bats
  A goblin (D:1)
  2 kobolds
  4 rats
22 creatures vanquished.

Vanquished Creatures (collateral kills)
  A dart slug (D:1)
  2 bats
  A hobgoblin (D:2)
  A quokka (D:1)
  A kobold (D:1)
6 creatures vanquished.

Grand Total: 28 creatures vanquished

Notes
Turn   | Place    | Note
-------+----------+-------------------------------------------
     0 | D:1      | DeathPants the Vine Stalker Summoner began the quest for
                  | the Orb.
     0 | D:1      | Reached XP level 1. HP: 9/9 MP: 4/4
   193 | D:2      | Reached XP level 2. HP: 14/14 MP: 3/6
   275 | D:1      | Learned a level 2 spell: Call Imp
   397 | D:1      | You fall into a shaft and drop 1 floor!
   424 | D:2      | Found an opulent altar of Gozag.
   511 | D:1      | Reached skill level 1 in Fighting
   694 | D:1      | Reached XP level 3. HP: 18/18 MP: 8/8
   777 | D:1      | Learned a level 3 spell: Call Canine Familiar
  1208 | D:3      | Noticed a scorpion
  1218 | D:3      | Slain by a scorpion

Illustrated notes

Levels and vault maps discovered:
D:1:      ebering_trefoil_twist, layout_loops_ring, serial_forest,
          infiniplex_forest_clump_tiny, infiniplex_forest_lined_ring,
          infiniplex_forest_corner_1, infiniplex_forest_lined_2,
          infiniplex_forest_lined_2, infiniplex_forest_corner_2,
          infiniplex_forest_zigzag_2, infiniplex_forest_lined_2,
          infiniplex_forest_end_1, dreamdust_mushroom_princess
D:2:      layout_loops_corners, basic_altar
D:3:      layout_loops_ring, cheibrodos_sewer_entry_drain

Skill      XL: |  1  2 |
---------------+-------+-----
Fighting       | 1 |  1.3
Dodging        | |  1.5
Stealth        | |  2.4
Spellcasting   | |  2.8
Summonings     | |  4.3

Action                     || total
---------------------------++-------
  Melee: Unarmed           ||    12
         Bite              ||    29
         Short sword       ||    69
         Punch             ||     3
   Cast: Summon Small Mamm ||    12
         Call Imp          ||     1
         Call Canine Famil ||     2
    Use: Potion            ||     1
   Stab: Sleeping          ||     7
 Armour: Robe              ||    13
  Dodge: Dodged            ||    46

Table legend: (Time is in decaauts)
 A = Elapsed time spent in this place.
 B = Non-inter-level travel time spent in this place.
 C = Inter-level travel time spent in this place.
 D = Time resting spent in this place.
 E = Time spent auto-exploring this place.
 F = Levels seen in this place.
 G = Mean time per level.
                   A        B        C        D        E       F      G
               +--------+--------+--------+--------+--------+-----+--------+
         Total |   1218 |   1173 |     45 |      0 |    813 |   3 |  406.0 |
       Dungeon |   1218 |   1173 |     45 |      0 |    813 |   3 |  406.0 |
               +--------+--------+--------+--------+--------+-----+--------+

Top non-repeatable levels by time:
     D:1: 974 daAuts
     D:2: 234 daAuts
     D:3: 9 daAuts
